 Dungeon Crawl Stone Soup version 0.19.5 (webtiles) character file.

858 Santreim the Chopper (level 7, -5/61 HPs)
             Began as a Minotaur Fighter on Mar 10, 2017.
             Killed from afar by an electric eel (10 damage)
             ... with a bolt of electricity
             ... on level 6 of the Dungeon.
             The game lasted 00:15:07 (4053 turns).

Santreim the Chopper (Minotaur Fighter)             Turns: 4053, Time: 00:15:08

Health: -5/61      AC:  8    Str: 19 (22) XL:     7   Next: 71%
Magic:  0/6        EV:  8    Int:  2 (5)  God:
Gold:   239        SH: 10    Dex:  8 (10) Spells: 0 memorised, 6 levels left

rFire  . . .     SeeInvis .     a - +0 war axe
rCold  . . .     Gourm    .     b - +0 scale mail
rNeg   . . .     Faith    .     c - +1 shield
rPois  .         Spirit   +     (helmet restricted)
rElec  .         Reflect  .     L - +0 cloak
rCorr  +         Harm     .     (no gloves)
MR     .....                    (no boots)
Stlth  ..........               s - amulet of guardian spirit
                                w - ring of resist corrosion
                                i - +3 ring of slaying

@: no status effects
A: retaliatory headbutt, horns 2
a: no special abilities


You were on level 6 of the Dungeon.
You were not hungry.

You visited 1 branch of the dungeon, and saw 6 of its levels.

You collected 239 gold pieces.

Inventory:

Hand Weapons
 a - a +0 war axe (weapon)
 H - a +3 halberd of protection
Armour
 b - a +0 scale mail (worn)
 c - a +1 shield (worn)
 L - a +0 cloak (worn)
Jewellery
 i - a +3 ring of slaying (left hand)
 s - an amulet of guardian spirit (around neck)
 w - a ring of resist corrosion (right hand)
Wands
 D - a wand of teleportation (3/9)
 E - a wand of acid (9/15)
Scrolls
 e - 3 scrolls of teleportation
 k - a scroll of fog {unknown}
 p - 2 scrolls of blinking
 y - a scroll of recharging
 z - 2 scrolls of identify
 F - a scroll of magic mapping
 M - a scroll of remove curse
Potions
 d - a potion of might
 g - a potion of curing
 h - 2 potions of heal wounds
 n - 3 potions of degeneration
 r - a potion of lignification
Books
 t - a book of Minor Magic

   Spells                             Type                      Level
   a - Magic Dart                     Conjuration                  1
   b - Blink                          Translocation                2
   c - Call Imp                       Summoning                    2
   d - Repel Missiles                 Charms/Air                   2
   e - Slow                           Hexes                        2
   f - Conjure Flame                  Conjuration/Fire             3
   g - Mephitic Cloud                 Conjuration/Poison/Air       3
Comestibles
 f - 5 bread rations
 j - 3 fruits
 l - 2 meat rations
 v - a slice of pizza
 I - a beef jerky


   Skills:
 + Level 5.1 Fighting
 + Level 7.5 Axes
 + Level 6.0 Armour
 + Level 1.3 Dodging
 + Level 0.8 Stealth
 + Level 5.3 Shields


You had 6 spell levels left.
You didn't know any spells.

Dungeon Overview and Level Annotations

Branches:
Dungeon (6/15)             Temple (0/1) D:6

Altars:
Cheibriados
Fedhas
Gozag
Hepliaklqana
Ru
Yredelemnul


Innate Abilities, Weirdness & Mutations

You reflexively headbutt those who attack you in melee.
You have a pair of horns on your head.


Message History

Found 27 sling bullets.
An electric eel comes into view.
The electric eel shoots out a bolt of lightning at you!
The bolt of electricity hits you!
A dart slug comes into view.
The electric eel shoots out a bolt of lightning at you!
The bolt of electricity misses you. The bolt of electricity hits you!
You completely miss the electric eel. Your headbutt misses the electric eel.
The electric eel shoots out a bolt of lightning at you!
The bolt of electricity hits you! x2
You miss the electric eel.
The electric eel shoots out a bolt of lightning at you!
The bolt of electricity hits you! x2
* * * LOW HITPOINT WARNING * * *
The electric eel shoots out a bolt of lightning at you!
The bolt of electricity hits you!
* * * LOW HITPOINT WARNING * * *
The electric eel shoots out a bolt of lightning at you!
The bolt of electricity hits you! x2
You die...

#########.....#######.#......# #.
.......,,,,...........#....†.###.
..#####**,,,.#####.#.....≈≈.≈≈##.
..# *,,,,,,,,..#.#..#.#≈≈#≈≈≈.#
..# *,*,,*,**#.#....≈≈≈≈≈≈≈≈≈≈≈
..# *,*,,#.###.#...≈#≈≈≈≈≈≈≈≈≈≈
..#****,*,,........#.≈≈≈≈≈≈≈≈≈≈≈≈
....,,,,,,,#.###.#.#≈≈≈≈≈#≈≈≈≈≈≈#
.....,**,*##.###@#.≈≈≈#≈#≈≈≈≈≈≈≈≈
.....,**<*#........≈≈≈≈.≈≈♣..≈≈..
,,,,,,**,*#.....##..;≈<%..(<....♣
,,,,,,**,.......*##≈≈≈..(≈!..≈≈≈,
,,,,,,***##.....* #≈≈≈≈≈≈≈≈≈≈*≈,≈
,,,,,,* #.....**##w#≈≈#≈≈≈≈≈≈≈≈
,,,,,,****#.....,,,*.≈≈≈≈≈≈≈≈≈≈≈≈
,,,,,,,,,,......**,,#≈≈≈≈≈≈≈≈≈≈≈*
,,,,,**,**,**,****,**#≈≈≈≈≈≈≈≈≈*≈


You could see an electric eel and a dart slug.

Vanquished Creatures
  A phantom (D:4)
  The ghost of pps the Slasher, an amateur MiBe of Trog (D:3)
  An ogre (D:4)
  A bullfrog (D:6)
  A howler monkey (D:5)
  2 crimson imps
  A hound (D:4)
  A jelly (D:5)
  2 orc wizards (D:6)
  3 worker ants
  Robin (D:4)
  A worker ant zombie (D:5)
  3 adders
  4 gnolls (D:6)
  A shadow imp (D:6)
  2 oozes
  An adder zombie (D:5)
  5 worms
  6 dart slugs
  3 leopard geckos (D:3)
  3 orcs (D:6)
  5 bats
  4 giant cockroaches
  23 goblins
  9 hobgoblins
  9 jackals
  10 kobolds
  2 quokkas
  2 ball pythons
  13 frilled lizards
  6 rats
127 creatures vanquished.

Notes
Turn   | Place    | Note
-------+----------+-------------------------------------------
     0 | D:1      | Santreim the Minotaur Fighter began the quest for the Orb.
     0 | D:1      | Reached XP level 1. HP: 19/19 MP: 0/0
    86 | D:1      | Reached XP level 2. HP: 24/27 MP: 1/1
   497 | D:1      | Reached XP level 3. HP: 33/33 MP: 2/2
   532 | D:2      | Reached skill level 3 in Axes
  1034 | D:2      | Reached XP level 4. HP: 38/40 MP: 3/3
  1293 | D:2      | You fall through a shaft for 2 floors!
  1612 | D:4      | Reached skill level 4 in Axes
  1673 | D:4      | Reached XP level 5. HP: 39/46 MP: 2/4
  1684 | D:4      | Noticed Robin
  1693 | D:4      | Killed Robin
  1708 | D:4      | Found a blossoming altar of Fedhas.
  1710 | D:4      | Noticed an ogre
  1712 | D:4      | Noticed a phantom
  1715 | D:4      | Killed an ogre
  1715 | D:4      | Reached skill level 5 in Axes
  1724 | D:4      | Reached XP level 6. HP: 41/53 MP: 5/5
  1736 | D:4      | Reached skill level 5 in Armour
  1736 | D:4      | Reached skill level 1 in Dodging
  2114 | D:3      | Reached skill level 6 in Axes
  2416 | D:3      | Found a snail-covered altar of Cheibriados.
  2416 | D:3      | Found an opulent altar of Gozag.
  2779 | D:3      | Noticed pps's ghost (amateur MiBe)
  2784 | D:3      | Killed pps's ghost
  2784 | D:3      | Reached XP level 7. HP: 52/60 MP: 4/6
  3062 | D:5      | Entered Level 5 of the Dungeon
  3070 | D:5      | Found an opulent altar of Gozag.
  3083 | D:5      | Reached skill level 5 in Shields
  3175 | D:5      | Found a hazy altar of Hepliaklqana.
  3262 | D:5      | Reached skill level 7 in Axes
  3275 | D:5      | Found a basalt altar of Yredelemnul.
  3665 | D:6      | Reached skill level 5 in Fighting
  3952 | D:6      | Found a sacrificial altar of Ru.
  4053 | D:6      | Killed from afar by an electric eel

Skill      XL: |  1  2  3  4  5  6  7 |
---------------+----------------------+-----
Fighting       | 4 5 |  5.1
Armour         | 4 5 6 |  6.0
Axes           | 3 4 5 6 7 |  7.5
Shields        | 4 5 |  5.3
Dodging        | 1 |  1.3
Stealth        | |  0.8

Action                   |  1- 3 |  4- 6 |  7- 9 || total
-------------------------+-------+-------+-------++-------
Melee: War axe           |    99 |    99 |    68 ||   266
       Headbutt          |    12 |    12 |    11 ||    35
  Use: Scroll            |     1 |     4 |     5 ||    10
       Potion            |       |       |    10 ||    10
 Stab: Paralysed         |       |       |     1 ||     1
  Eat: Chunk             |     1 |     4 |     4 ||     9
       Pizza             |       |       |     1 ||     1
Armor: Scale mail        |    54 |    26 |    12 ||    92
Dodge: Dodged            |    42 |    26 |     8 ||    76
Block: Shield            |    45 |    47 |    27 ||   119
